Map: Catalyst LE

Players

BigDaddy

  • Race: Protoss Protoss
  • League: Silver
  • Spawn Location: 11:00

IagoAbreu - Winner!

  • Race: Terran Terran
  • League: Silver
  • Spawn Location: 5:00

VOD

Have the link to the VOD?

Description

Time

  • Played on: Feb. 26, 2018, 11:18 a.m.
  • Length: 17:45
Show
View Real Time Build Order
Export as new Build Order

BigDaddy Protoss 

Build Orders:  

Get SALT Encoding   

  12  0:01  Probe  
  13  0:14  Pylon  
  13  0:19  Probe  
  14  0:32  Gateway  
  14  0:43  Gateway  
  14  0:56  Gateway  
  14  1:00  Probe  
  15  1:12  Probe  
  15  1:17  Pylon  
  16  1:22  Pylon  
  16  1:24  Zealot  
  18  1:35  Zealot  
  20  1:43  Zealot  
  23  1:47  Probe  
  23  1:52  Zealot  
  25  2:02  Zealot, Probe  
  28  2:10  Assimilator  
  28  2:13  Zealot  
  30  2:20  Zealot  
  32  2:29  Zealot  
  34  2:40  Zealot  
  36  2:59  Zealot  
  38  3:54  Zealot  
  38  4:04  Zealot  
  38  4:13  Zealot  
  36  4:22  Zealot  
  34  4:31  Zealot  
  36  4:40  Zealot  
  38  4:47  Cybernetics Core  
  38  4:51  Pylon  
  38  4:54  Forge  
  38  5:04  Gateway  
  38  5:08  Pylon  
  38  5:09  Zealot x2  
  40  5:52  Stalker  
  40  5:53  Stalker x2  
  46  6:22  Stalker  
  46  6:23  Stalker  
  46  6:25  Stalker  
  52  6:44  Pylon  
  52  6:52  Stalker  
  54  6:58  Pylon  
  54  7:02  Stalker x2  
  58  7:22  Stalker  
  60  7:32  Stalker  
  62  7:47  Photon Cannon  
  58  8:23  Photon Cannon  
  58  8:27  Photon Cannon  
  58  8:37  Stalker x3  
  64  8:45  Shield Battery  
  64  8:47  Photon Cannon  
  64  9:01  Nexus  
  64  9:07  Stalker  
  64  9:09  Stalker  
  68  9:21  Assimilator  
  33  10:50  Stalker x3  
  33  11:20  Stalker x3  
  33  11:21  Probe (Chrono Boost)  
  36  11:31  Probe (Chrono Boost)  
  37  11:36  Stalker, Probe (Chrono Boost)  
  40  11:47  Probe (Chrono Boost)  
  40  11:50  Stalker  
  41  11:57  Probe (Chrono Boost)  
  38  12:02  Probe (Chrono Boost)  
  38  12:08  Assimilator  
  39  12:14  Probe  
  40  12:26  Probe  
  35  12:38  Probe  
  35  12:42  Stargate  
  35  12:43  Stargate  
  36  12:50  Probe  
  37  12:52  Assimilator  
  35  13:02  Probe (Chrono Boost)  
  37  13:13  Probe (Chrono Boost)  
  37  13:18  Probe (Chrono Boost)  
  36  13:28  Probe  
  37  13:37  Stalker  
  37  13:38  Stalker x3  
  37  13:40  Probe  
  46  13:41  Warp Gate (Chrono Boost)  
  46  13:53  Probe  
  46  13:55  Twilight Council  
  47  13:59  Stargate  
  41  14:21  Stalker (Chrono Boost)  
  41  14:22  Stalker (Chrono Boost)  
  41  14:23  Stalker x2 (Chrono Boost)  
  28  14:48  Stalker x2 (Chrono Boost)  
  34  14:57  Stalker (Chrono Boost)  
  26  15:09  Stalker  
  26  15:11  Stalker  
  30  15:32  Zealot  
  32  15:58  Zealot  
  34  16:10  Stalker x3  
  40  16:25  Stalker  
  41  16:40  Stalker  
Show
View Real Time Build Order
Export as new Build Order

IagoAbreu Terran - Winner!

Build Orders:  

Get SALT Encoding   

  12  0:14  Supply Depot  
  12  0:25  SCV  
  12  0:28  Supply Depot  
  13  0:37  SCV  
  14  0:45  Supply Depot  
  14  1:03  Supply Depot  
  14  1:05  SCV  
  15  1:14  Barracks  
  15  1:17  SCV  
  16  1:48  Command Center  
  16  1:51  SCV  
  17  2:03  SCV  
  18  2:09  Bunker  
  18  2:14  Refinery  
  18  2:17  Refinery  
  18  2:22  Marine  
  19  2:31  Engineering Bay  
  19  2:40  Marine  
  20  2:59  Supply Depot  
  20  3:02  Supply Depot  
  20  3:04  Marine, Bunker  
  18  3:22  Marine  
  19  3:34  Barracks  
  19  3:40  Marine  
  20  3:58  Marine  
  21  4:17  Marine  
  22  4:29  Reaper  
  23  4:35  Reaper  
  23  4:38  Terran Infantry Weapons Level 1  
  24  5:02  Reaper, Factory  
  25  5:07  Reaper  
  26  5:47  Barracks Reactor  
  26  5:55  Factory Tech Lab  
  26  5:56  Barracks Reactor  
  26  5:59  Starport  
  26  6:06  Starport  
  26  6:11  Orbital Command  
  26  6:19  Siege Tank  
  29  6:31  Liberator  
  29  6:53  Marine x3  
  29  6:54  Marine  
  36  7:09  Sensor Tower  
  36  7:24  Siege Tank  
  39  8:41  Supply Depot  
  39  8:42  Supply Depot x2  
  39  8:44  Supply Depot  
  39  8:47  Bunker  
  39  9:35  Refinery  
  39  9:36  Refinery  
  39  9:55  Command Center  
  39  10:00  Liberator x2  
  39  10:10  SCV  
  43  10:22  SCV  
  38  10:29  Marine  
  38  10:30  Marine x3  
  38  10:34  SCV  
  36  10:47  Marine x2  
  36  10:48  Marine x2  
  37  11:13  Liberator x2  
  43  11:42  Marine x4  
  47  11:58  Siege Tank  
  47  11:59  Marine  
  47  12:00  Marine x3, Liberator x2  
  60  12:53  Orbital Command  
  60  12:57  SCV  
  60  13:09  SCV  
  61  13:21  SCV  
  62  13:28  SCV  
  63  13:40  SCV  
  64  13:52  SCV  
  65  14:02  Command Center  
  65  14:04  SCV  
  66  14:16  SCV  
  66  14:23  Liberator x2  
  73  14:45  Reaper x2  
  73  14:46  Reaper x2  
  76  15:17  Reaper  
  76  15:18  Reaper x3  
  76  15:46  Orbital Command  
  72  16:04  Sensor Tower  
  72  16:15  SCV  
  72  16:17  Sensor Tower  
  73  16:27  SCV  
  74  16:37  Supply Depot  
  74  16:39  SCV  
  75  16:51  SCV  
  75  16:53  Missile Turret  
  76  16:58  Missile Turret  
  76  17:00  Supply Depot  
  76  17:03  SCV  
  76  17:06  Reaper x2  
  76  17:07  Reaper x2  
  81  17:11  Siege Tank  
  81  17:14  Medivac x2  
  88  17:23  Supply Depot  
Tags
 
Add a new tag
Caveats
  • Supply blocks, unpowered buildings, or Contaminate may cause inaccurate times.
  • Supply counts are checked every 10 seconds.